 Dungeon Crawl Stone Soup version 0.29.1-12-g30fa7ad0bf (webtiles) character file.

Game seed: 14945658523945353857

1101 Jotpek the Basher (level 8, -3/70 HPs)
             Began as a Minotaur Berserker on Dec 12, 2022.
             Was a Priest of Trog.
             Killed from afar by an electric eel (14 damage)
             ... with a bolt of electricity
             ... on level 5 of the Dungeon.
             The game lasted 00:18:42 (5745 turns).

Jotpek the Basher (Minotaur Berserker)              Turns: 5745, Time: 00:18:42

Health: -3/70      AC: 10    Str: 25    XL:     8   Next: 10%
Magic:  7/7        EV: 13    Int:  4    God:    Trog [***...]
Gold:   261        SH:  0    Dex:  9    Spells: 7/7 levels left

rFire   . . .      SeeInvis .   G - +6 trident
rCold   . . .      Faith    .   (no shield)
rNeg    . . .      Spirit   .   x - +0 chain mail
rPois   .          Reflect  .   (helmet restricted)
rElec   .          Harm     .   (no cloak)
rCorr   +          Rampage  .   (no gloves)
Will    .....                   (no boots)
Stlth   ..........              (no amulet)
HPRegen 0.21/turn               E - +4 ring of evasion
MPRegen 0.10/turn               D - ring of resist corrosion

@: very slow
A: horns 2, retaliatory headbutt
a: Renounce Religion, Berserk, Trog's Hand


You were on level 5 of the Dungeon.
You worshipped Trog.
Trog was most pleased with you.
You visited 1 branch of the dungeon, and saw 5 of its levels.

You collected 261 gold pieces.

Inventory:

Hand Weapons
 a - a +0 mace
 i - a +1 short sword of venom
 u - a +0 falchion
 G - a +6 trident (weapon)
Missiles
 k - 4 poisoned darts
 v - 2 javelins (quivered)
Armour
 b - a +0 animal skin
 l - a +0 robe
 p - a +0 leather armour
 q - a +0 ring mail
 t - a +0 scale mail
 x - a +0 chain mail (worn)
Jewellery
 g - a ring of willpower
 D - a ring of resist corrosion (right hand)
 E - a +4 ring of evasion (left hand)
Wands
 m - a wand of paralysis (24)
 H - a wand of flame (19)
Scrolls
 c - a scroll of fear
 d - a scroll of poison
 e - 2 scrolls of enchant armour
 h - 3 scrolls of teleportation
 j - a scroll of immolation
 y - a scroll of noise
 B - a scroll of enchant weapon
 F - a scroll of amnesia {unknown}
Potions
 f - a potion of haste
 n - a potion of lignification {unknown}
 o - a potion of attraction {unknown}
 r - a potion of brilliance
 s - 2 potions of curing {unknown}
 w - a potion of might
 z - 2 potions of degeneration {unknown}
 A - a potion of berserk rage {unknown}
 C - a potion of flight {unknown}


   Skills:
 + Level 6.1 Fighting
 + Level 2.6 Short Blades
 + Level 8.0 Maces & Flails
 + Level 5.7 Armour
 + Level 4.0 Dodging
 + Level 0.8 Stealth


You had 7 spell levels left.
You didn't know any spells.
Your spell library contained the following spells:

 Spells                   Type           Power      Damage    Failure   Level
 Magic Dart               Conj           0%         1d3       98%         1
 Blink                    Tloc           0%         N/A       99%         2
 Call Imp                 Summ           0%         N/A       99%         2
 Lesser Beckoning         Tloc           0%         N/A       100%        3
 Mephitic Cloud           Conj/Pois/Air  0%         N/A       100%        3
 Manifold Assault         Tloc           0%         N/A       100%        5


Dungeon Overview and Level Annotations

Branches:
Dungeon (5/15)             Temple (0/1) D:4

Altars:
Ashenzari
Elyvilon
Gozag
Sif Muna
Yredelemnul
Zin

Annotations:
D:5 1 transporter


Innate Abilities, Weirdness & Mutations

You have a pair of horns on your head.
You reflexively headbutt those who attack you in melee.


Message History

The bolt of electricity hits you! The bolt of electricity misses you.
The electric eel shoots out a bolt of lightning at you!
The bolt of electricity hits you.
There is an open door here.
You close the door.
The gnoll shouts!
A nearby plant withers and dies.
The gnoll shouts!
You open the door.
The electric eel shoots out a bolt of lightning at you!
The bolt of electricity hits you!
The bolt of electricity hits the plant!
The plant begins to die.
The bolt of electricity hits the plant!
The electric eel shoots out a bolt of lightning at you!
The bolt of electricity hits you! The bolt of electricity hits you.
There is an open door here.
The electric eel shoots out a bolt of lightning at you!
The bolt of electricity hits you! The bolt of electricity misses you.
You close the door.
A nearby plant withers and dies.
There is a transporter landing site here.
The orc shouts!
You enter the shallow water.
Moving in this stuff is going to be slow.
You open the door.
The electric eel shoots out a bolt of lightning at you!
The bolt of electricity hits you!
You enter the shallow water.
Moving in this stuff is going to be slow.
The electric eel shoots out a bolt of lightning at you!
The bolt of electricity hits you! The bolt of electricity misses you.
The electric eel shoots out a bolt of lightning at you!
The bolt of electricity hits you! x2
The electric eel shoots out a bolt of lightning at you!
The bolt of electricity hits you! The bolt of electricity hits you.
* * * LOW HITPOINT WARNING * * *
The electric eel shoots out a bolt of lightning at you!
The bolt of electricity hits you.
* * * LOW HITPOINT WARNING * * *
The bolt of electricity hits you!
You die...

..####............####........#
...###.#.............#####....###
.......###.....###....# ###....#
..#.8...##....##.#....## ####.#
..#.....##.............# #)#
........# #..#........########)#
..#8P..#####..................#.#
.##........#..###############.#.#
.#...........o#8@#SS~~~~~#P8#.#.#
##.......:...g#..#..~~~~~#..#...#
.............g#©.'..~⌠P~~+=©#©..#
..............#..#..~~~PP#..#..##
.......##.#...#8~#S~~~~~~#P8#.##
#.............###############.#
...............gg.............#
..<..#......###################
#....#......#


You could see a gnoll sergeant, 3 electric eels, 3 gnolls and an orc.

Vanquished Creatures
  A water moccasin zombie (D:4)
  A necrophage (D:5)
  3 scorpions
  A water moccasin skeleton (D:5)
  2 centaur zombies
  5 bullfrog zombies
  An orc priest (D:4)
  2 hounds
  A jelly (D:4)
  A bullfrog skeleton (D:5)
  Jessica (D:3)
  A centaur skeleton (D:5)
  2 iguanas (D:5)
  2 orc wizards
  2 scorpion zombies (D:5)
  A hound skeleton (D:5)
  3 hound zombies
  A howler monkey zombie (D:5)
  3 adders
  An ufetubus (D:4)
  An adder zombie (D:5)
  2 worms
  A dart slug (D:4)
  12 orcs
  7 ball pythons
  7 bats
  2 endoplasms
  2 giant cockroaches
  3 goblins
  8 jackals (D:1)
  6 frilled lizards
  3 kobolds
  7 rats
96 creatures vanquished.

Vanquished Creatures (others)
  2 plants (D:5)
  5 withered plants (D:5)
7 creatures vanquished.

Grand Total: 103 creatures vanquished

Notes
Turn   | Place    | Note
-------+----------+-------------------------------------------
     0 | D:1      | Jotpek the Minotaur Berserker began the quest for the Orb.
     0 | D:1      | Reached XP level 1. HP: 19/19 MP: 0/0
   207 | D:1      | Reached skill level 4 in Maces & Flails
   207 | D:1      | Reached XP level 2. HP: 21/27 MP: 1/1
   986 | D:1      | Found a faded altar of an unknown god.
  1222 | D:2      | Reached XP level 3. HP: 33/33 MP: 2/2
  1466 | D:2      | Reached ** piety under Trog
  1640 | D:2      | Reached skill level 1 in Short Blades
  1640 | D:2      | Reached XP level 4. HP: 19/41 MP: 3/3
  2438 | D:3      | Found a glowing silver altar of Zin.
  2438 | D:3      | Found an opulent altar of Gozag.
  2504 | D:3      | Noticed Jessica
  2541 | D:3      | Found a shimmering blue altar of Sif Muna.
  2544 | D:3      | Killed Jessica
  2556 | D:4      | Found a staircase to the Ecumenical Temple.
  2766 | D:4      | Noticed a scorpion
  2793 | D:4      | Found a basalt altar of Yredelemnul.
  2800 | D:4      | Reached skill level 5 in Maces & Flails
  2800 | D:4      | Reached XP level 5. HP: 39/47 MP: 4/4
  2817 | D:4      | Reached skill level 5 in Fighting
  2978 | D:4      | Reached XP level 6. HP: 48/56 MP: 5/5
  4077 | D:5      | Entered Level 5 of the Dungeon
  4084 | D:5      | Reached skill level 6 in Maces & Flails
  4091 | D:5      | Reached XP level 7. HP: 57/61 MP: 6/6
  4143 | D:5      | Reached *** piety under Trog
  4243 | D:5      | Reached skill level 7 in Maces & Flails
  4243 | D:5      | Reached skill level 5 in Armour
  4269 | D:5      | Found a transporter.
  4655 | D:5      | Found a white marble altar of Elyvilon.
  4662 | D:5      | Found a broken altar of Ashenzari.
  4729 | D:5      | Reached XP level 8. HP: 65/70 MP: 7/7
  5258 | D:5      | Reached skill level 8 in Maces & Flails
  5360 | D:5      | Found a transporter.
  5745 | D:5      | Killed from afar by an electric eel

Illustrated notes

Levels and vault maps discovered:
D:1:      dpeg_arrival_rooms_c, layout_loops_cross,
          chequers_ecumenical_altar_twisty
D:2:      layout_basic
D:3:      layout_rooms, grunt_temple_overflow_gold_and_silver, tgw_sif,
          lemuel_flame_loot_1
D:4:      layout_basic, nicolae_yredelemnul_corpse_copse,
          minmay_temple_entry_overgrown, moated_statue
D:5:      gammafunk_steamed_eel, layout_cave_pools, grunt_temple_overflow_open,
          serial_undead, serial_undead_e, serial_undead_b, serial_undead_e,
          serial_undead_b, serial_undead_e, serial_undead_a, serial_undead_f

Skill      XL: |  1  2  3  4  5  6  7  8 |
---------------+-------------------------+-----
Maces & Flails | 4 5 6 7 8 |  8.0
Fighting       | 4 5 6 |  6.1
Short Blades   | 1 2 |  2.6
Dodging        | 3 4 |  4.0
Armour         | 3 4 5 |  5.7
Stealth        | |  0.8

Action                   |  1- 3 |  4- 6 |  7- 9 || total
-------------------------+-------+-------+-------++-------
Melee: Mace              |    29 |    97 |   110 ||   236
       Headbutt          |    12 |    22 |    26 ||    60
       Short sword       |    35 |     6 |       ||    41
       Punch             |       |     3 |     2 ||     5
  Use: Scroll            |       |     6 |     6 ||    12
Armor: Animal skin       |    17 |       |       ||    17
       Leather armour    |     2 |     4 |       ||     6
       Scale mail        |       |    25 |       ||    25
       Chain mail        |       |    23 |    70 ||    93
Dodge: Dodged            |    58 |    57 |    58 ||   173
